 Dungeon Crawl Stone Soup version 0.28.0 (webtiles) character file.

Game seed: 4325243002082134174

39 RighteousDevil the Sneak (level 3, -4/32 HPs)
             Began as a Naga Wanderer on Feb 15, 2022.
             Was a Follower of Okawaru.
             Slain by a gnoll (10 damage)
             ... on level 1 of the Dungeon.
             The game lasted 00:04:55 (2341 turns).

RighteousDevil the Sneak (Naga Wanderer)            Turns: 2341, Time: 00:04:56

Health: -4/32      AC:  2    Str: 14    XL:     3   Next: 47%
Magic:  4/4        EV:  8    Int: 11    God:    Okawaru [*.....]
Gold:   46         SH:  0    Dex: 13    Spells: 3/4 levels left

rFire   . . .      SeeInvis +   b - +0 falchion
rCold   . . .      Faith    .   (no shield)
rNeg    . . .      Spirit   .   g - +0 leather armour
rPois   +          Reflect  .   (no helmet)
rElec   .          Harm     .   (no cloak)
rCorr   .          Rampage  .   (no gloves)
Will    .....                   (no barding)
Stlth   +++.......              (no amulet)
HPRegen 0.10/turn               (no ring)
MPRegen 0.09/turn               (no ring)

@: flying, very slow
A: AC +1, large, see invisible, deformed body, poison resistance, slowness 2,
spit poison 1, naga tail 1
a: Spit Poison, Renounce Religion, Heroism


You were on level 1 of the Dungeon.
You worshipped Okawaru.
Okawaru was aware of your devotion.
You visited 1 branch of the dungeon, and saw 2 of its levels.

You collected 46 gold pieces.

Inventory:

Hand Weapons
 a - a +1 dagger
 b - a +0 falchion (weapon)
Missiles
 c - a datura-tipped dart
 d - 9 poisoned darts
 f - 41 stones
 i - an atropa-tipped dart
Armour
 g - a +0 leather armour (worn)
Potions
 j - a potion of mutation {unknown}


   Skills:
 - Level 2.3 Fighting
 - Level 1.7 Throwing
 - Level 1.0 Armour
 + Level 5.4 Stealth
 - Level 1.0 Spellcasting
 - Level 2.0 Earth Magic
 - Level 1.0 Evocations


You had 3 spell levels left.
You knew the following spells:

 Your Spells              Type           Power      Damage    Failure   Level
a - Sandblast             Erth           8%         2d5       17%         1

Your spell library contained the following spells:

 Spells                   Type           Power      Damage    Failure   Level
 Apportation              Tloc           0%         N/A       36%         1
 Stone Arrow              Conj/Erth      4%         3d7       61%         3
 Ozocubu's Armour         Ice            0%         N/A       75%         3
 Alistair's Intoxication  Tmut/Pois      0%         N/A       100%        5
 Metabolic Englaciation   Hex/Ice        0%         N/A       100%        5
 Simulacrum               Ice/Necr       Unusable   N/A       N/A         6

Dungeon Overview and Level Annotations

Branches:
Dungeon (2/15)

Altars:
Ashenzari
Okawaru


Innate Abilities, Weirdness & Mutations

Your serpentine skin is tough. (AC +1)
You have supernaturally acute eyesight. (SInv)
Armour fits poorly on your strangely shaped body.
Your system is resistant to poisons. (rPois)
You cover ground very slowly.
You can spit poison.
You have a snake-like lower body.


Message History

You climb upwards.
There is a stone staircase leading down here.
You start resting.
HP restored.
As you read the scroll labelled VUIXI KEGHO, it crumbles to dust.
You assume a fearsome visage.
Nothing appears to happen.
It was a scroll of fear.
Unknown command.
It was a potion of flight.
You feel very buoyant.
You fly up into the air.
Unknown command.
You fly downwards.
The gnoll closely misses you. The gnoll barely misses you.
There is a stone staircase leading up here.
Unknown command.
The gnoll barely misses you.
You fly upwards.
There is a stone staircase leading down here.
Unknown command.
You hit the gnoll but do no damage. The gnoll hits you but does no damage.
You barely miss the gnoll. Your punch misses the gnoll.
The gnoll hits you with a +0 spear! The gnoll barely misses you.
You hit the gnoll.
The gnoll is lightly wounded.
The gnoll barely misses you.
You hit the gnoll.
The gnoll is moderately wounded.
The gnoll hits you with a +0 spear.
You hit the gnoll but do no damage.
The gnoll is moderately wounded.
The gnoll hits you with a +0 spear.
You are too injured to fight recklessly!
You are too injured to fight recklessly!
You are too injured to fight recklessly!
You hit the gnoll.
The gnoll is heavily wounded.
The gnoll hits you with a +0 spear.
* * * LOW HITPOINT WARNING * * *
The gnoll hits you with a +0 spear!
You die...

.....#............#
#......#
....†...######.#..#
#.†....#
..........#.......#
########
.........##.##....#
...)........##....#
........#######...#
..................#
.......########g..#####
.......+........@.....#
.......#####...######.#
######## #...# #.#
############...######.#
......................#
#######################
# # #


You could see a gnoll.

Vanquished Creatures
  An adder (D:2)
  2 bats (D:1)
  4 endoplasms
  3 giant cockroaches (D:1)
  2 goblins (D:1)
  A hobgoblin (D:1)
  3 jackals (D:1)
  A quokka (D:1)
  4 ball pythons
  2 frilled lizards
  3 kobolds
26 creatures vanquished.

Notes
Turn   | Place    | Note
-------+----------+-------------------------------------------
     0 | D:1      | RighteousDevil the Naga Wanderer began the quest for the
                  | Orb.
     0 | D:1      | RighteousDevil set off with the following items: a +0
                  | dagger, an atropa-tipped dart, a datura-tipped dart, 11
                  | poisoned darts, a +0 dagger, 23 stones, a +0 leather
                  | armour; and the following spell memorised: Sandblast; and
                  | the following spells available to memorise: Stone Arrow
     0 | D:1      | Reached XP level 1. HP: 15/15 MP: 2/2
    45 | D:1      | Reached skill level 1 in Fighting
   287 | D:1      | Reached XP level 2. HP: 16/25 MP: 0/3
  1553 | D:1      | Found a faded altar of an unknown god.
  1559 | D:1      | Reached XP level 3. HP: 32/32 MP: 4/4
  1563 | D:1      | Prayed at the altar of an unknown god.
  1563 | D:1      | Became a worshipper of Warmaster Okawaru
  1563 | D:1      | Reached * piety under Okawaru
  1807 | D:2      | Reached skill level 5 in Stealth
  2008 | D:2      | Found a broken altar of Ashenzari.
  2341 | D:1      | Slain by a gnoll

Illustrated notes

Levels and vault maps discovered:
D:1:      moated_graveyard_arrival, layout_basic,
          chequers_ecumenical_altar_simple
D:2:      layout_loops_ring, basic_altar, kennysheep_small_spiral,
          minmay_pentomino_v4, uniq_natasha

Skill      XL: |  1  2  3 |
---------------+----------+-----
Fighting       | 1 2 |  2.3
Stealth        | 5 |  5.4
Throwing       | |  1.7
Armour         | |  1.0
Spellcasting   | |  1.0
Earth Magic    | |  2.0
Evocations     | |  1.0

Action                   || total
-------------------------++-------
Melee: Dagger            ||    66
       Punch             ||     2
       Falchion          ||    10
Throw: Dart              ||    13
 Cast: Sandblast         ||    12
  Use: Scroll            ||     3
       Potion            ||     1
 Stab: Sleeping          ||     6
Armor: Leather armour    ||    24
Dodge: Dodged            ||    38
